 Dungeon Crawl Stone Soup version 0.25-a0-734-g73332aeda9 (webtiles) character file.

Game seed: 13923335839387961615, levelgen mode: deterministic

203 Lugonue the Stinger (level 5, -10/32 HPs)
             Began as an Octopode Venom Mage on Apr 10, 2020.
             Mangled by an ogre
             ... wielding a +0 giant club
              (26 damage)
             ... on level 4 of the Dungeon.
             The game lasted 00:06:01 (2239 turns).

Lugonue the Stinger (Octopode Venom Mage)           Turns: 2239, Time: 00:06:01

Health: -10/32     AC:  1    Str:  7    XL:     5   Next: 81%
Magic:  1/10       EV: 13    Int: 19    God:
Gold:   73         SH:  0    Dex: 12    Spells: 1/11 levels left

rFire    . . .     SeeInvis .     - Unarmed
rCold    . . .     Gourm    .   (no shield)
rNeg     . . .     Faith    .   (helmet restricted)
rPois    .         Spirit   .   (no amulet)
rElec    .         Reflect  .   (no ring)
rCorr    .         Harm     .   (no ring)
MR       .....                  (no ring)
Stlth    +++.......             (no ring)
HPRegen  0.10/turn              (no ring)
MPRegen  0.12/turn              (no ring)
                                (no ring)
                                (no ring)

@: stab, very slightly contaminated
A: almost no armour, stealthy swim, amphibious, 8 rings, constrict 8, camouflage
1, gelatinous body 1
a: no special abilities


You were on level 4 of the Dungeon.
You were hungry.

You visited 1 branch of the dungeon, and saw 4 of its levels.

You collected 73 gold pieces.

Inventory:

Missiles
 a - 12 poisoned darts (quivered)
Scrolls
 c - 2 scrolls of identify {unknown}
 e - a scroll of enchant weapon {unknown}
 f - a scroll of immolation {unknown}
 g - 2 scrolls of fear {unknown}
 h - a scroll of enchant armour {unknown}
 j - a scroll of remove curse {unknown}
Comestibles
 b - 4 rations
 d - 5 chunks of flesh


   Skills:
 + Level 0.3 Fighting
 + Level 0.4 Throwing
 + Level 2.4 Dodging
 + Level 3.3 Stealth
 + Level 1.0 Unarmed Combat
 * Level 3.5 Spellcasting
 + Level 1.8 Transmutations
 + Level 0.9 Air Magic
 + Level 4.8 Poison Magic


You had one spell level left.
You knew the following spells:

 Your Spells              Type           Power        Failure   Level  Hunger
a - Sting                 Tmut/Pois      ###.         3%          1    None
b - Poisonous Vapours     Pois/Air       ##....       7%          2    ##.....
c - Olgreb's Toxic Radia  Pois           ###.....     21%         4    ####...
d - Ignite Poison         Fire/Tmut/Pois ##......     17%         3    ###....

Your spell library contained the following spells:

 Spells                   Type           Power        Failure   Level  Hunger
 Mephitic Cloud           Conj/Pois/Air  ##......     21%         3    ###....


Dungeon Overview and Level Annotations

Branches:
Dungeon (3/15)

Altars:
Trog
Uskayaw
Xom
Yredelemnul


Innate Abilities, Weirdness & Mutations

You cannot wear most types of armour.
You are very stealthy in the water. (Stealth+)
You are amphibious.
You can wear up to eight rings at the same time.
You can use your tentacles to constrict eight enemies at once.
Your skin changes colour to match your surroundings (Stealth+).
Your rubbery body absorbs attacks. (AC +1, EV +1)


Message History

The ogre looks even sicker.
The ogre misses you.
Unknown command.
The ogre looks even sicker.
Your toxic aura wanes.
Okay, then.
It was a potion of stabbing.
You feel ready to backstab.
The ogre hits you with a +0 giant spiked club!
Ouch! That really hurt!
You aren't carrying any potions.
Unknown command.
Okay, then.
Okay, then.
Unknown command.
You tentacle-slap the ogre but do no damage.
Your squeeze misses the ogre.
The ogre is severely wounded.
The ogre hits you with a +0 giant club!!
Ouch! That really hurt!
You die...

##... #....###....#
##...##.##.###....#
##...##.#...##....#
##........_.......#
##.....##...#.##..#
##.....###.##.##..#
.#.....###....##..#
.#.........#####OO#
...........#####@.#
#..###........#####
#..# #...........
##.###.......####
##..............
##...........###
###>........... #
#..........###
#...########


You could see 2 ogres.

Vanquished Creatures
  An ogre (D:4)
  A worker ant (D:4)
  3 adders (D:2)
  A worm (D:4)
  3 dart slugs
  2 leopard geckos (D:2)
  3 giant cockroaches
  5 goblins
  9 hobgoblins
  8 jackals
  3 kobolds (D:2)
  A quokka (D:2)
  2 ball pythons
  3 bats
  4 frilled lizards
  4 rats
53 creatures vanquished.

Notes
Turn   | Place    | Note
-------+----------+-------------------------------------------
     0 | D:1      | Lugonue the Octopode Venom Mage began the quest for the
                  | Orb.
     0 | D:1      | Reached XP level 1. HP: 11/11 MP: 3/3
    54 | D:1      | Reached skill level 4 in Poison Magic
    54 | D:1      | Reached XP level 2. HP: 17/17 MP: 1/5
   634 | D:1      | Reached XP level 3. HP: 18/21 MP: 4/6
   963 | D:2      | Learned a level 2 spell: Poisonous Vapours
  1217 | D:2      | Noticed a +0 dagger
  1218 | D:2      | Noticed a +0 dagger
  1220 | D:2      | Found a hide-covered altar of Uskayaw.
  1629 | D:2      | Reached XP level 4. HP: 24/27 MP: 0/8
  1922 | D:3      | Found a shimmering altar of Xom.
  1929 | D:3      | You fall into a shaft and drop 1 floor!
  2018 | D:4      | Noticed an ogre
  2025 | D:4      | Learned a level 3 spell: Ignite Poison
  2083 | D:4      | Killed an ogre
  2083 | D:4      | Reached skill level 1 in Unarmed Combat
  2083 | D:4      | Reached XP level 5. HP: 31/31 MP: 1/10
  2125 | D:4      | Learned a level 4 spell: Olgreb's Toxic Radiance
  2135 | D:4      | Found a bloodstained altar of Trog.
  2192 | D:4      | Found a basalt altar of Yredelemnul.
  2215 | D:4      | Noticed an ogre
  2216 | D:4      | Noticed an ogre
  2239 | D:4      | Mangled by an ogre

Levels and vault maps discovered:
D:1:      nzn_arrival_water_spiral, layout_rooms
D:2:      layout_basic, dancing_weapons_uskayaw
D:3:      layout_rooms, overflow_temple_1_default, first_ration
D:4:      layout_basic, lemuel_round_altar, gammafunk_temple_overflow_pools,
          nicolae_overflow_crystal_walls

Skill      XL: |  1  2  3  4 |
---------------+-------------+-----
Poison Magic   | 4 |  4.8
Stealth        | 3 |  3.3
Unarmed Combat | 1 |  1.0
Spellcasting   | 3 |  3.5
Fighting       | |  0.3
Throwing       | |  0.4
Dodging        | |  2.4
Transmutations | |  1.8
Air Magic      | |  0.9

Action                   |  1- 3 |  4- 6 || total
-------------------------+-------+-------++-------
Melee: Unarmed           |    58 |    21 ||    79
       Constrict         |    15 |     5 ||    20
       Tentacles         |     7 |     5 ||    12
Throw: Dart              |    13 |       ||    13
 Cast: Sting             |    36 |     4 ||    40
       Poisonous Vapours |     1 |    14 ||    15
       Ignite Poison     |       |     1 ||     1
       Olgreb's Toxic Ra |       |     2 ||     2
  Use: Potion            |       |     1 ||     1
 Stab: Sleeping          |     2 |       ||     2
  Eat: Chunk             |     2 |     3 ||     5
Armor: Skin              |     9 |     5 ||    14
Dodge: Dodged            |    68 |    25 ||    93

Table legend:
 A = Non-vault XP
 B = Vault XP
 C = Vault XP percentage of total XP
 D = Non-vault monster count
 E = Vault monster count
 F = Vault count percentage of total count
                 A         B        C        D         E       F
            +---------+---------+-------+---------+---------+-------
      Total |     290 |       0 |   0.0 |      53 |       0 |   0.0
            +---------+---------+-------+---------+---------+-------
        D:1 |      36 |       0 |   0.0 |      20 |       0 |   0.0
        D:2 |      81 |       0 |   0.0 |      24 |       0 |   0.0
        D:4 |     173 |       0 |   0.0 |       9 |       0 |   0.0
            +---------+---------+-------+---------+---------+-------
